n, neutral female human Archeologist --- ---- --.-- --..-- ---- |...| ---- |....--- |..| |...-- |..-- --- --(....| ----- |..| |....| |...----------.-------- -------- ---...| ---- |r..| |.-- --..-|------...........(......)..| --..|...-----..-- ---..---- |r..| |.| |...--...|.....--------..%-----%--|........(.....| |.......| |r--- |.| ---........|.----- --.....|..(.|........------- ---.--..|.---|r| |.| |............| --.........^..........-- |...|---|...||r| |.|--.....^....--- |......................----------.--- ---.--@| |.||...........| --...............................(-- |.rrr| |.||-.........-- --.....^...................----....-- ---rr- |.|-..........--- |...........................---.....| |rr.- |.|...--.|.....>| |.....)............................-- --r.. |.|.---------...| |.............---....--............- |...| |...| |..-- |.......---...| |...-|--......--....| |..-- |.--- |.-- --......| --..| |....--|.....----...| ---- |..| --- ----.--- ---- --.....|....-- |..-- |..| --- -----...|.-- ---- ---- ------- n the Investigator Experience level: 8 Strength: 4 Dexterity: 11 Constitution: 12 Intelligence: 18 Wisdom: 15 Charisma: 10 Health: 0(52) Energy: 41(41) Def: 0 Gold: 101 Moves: 3726 Dungeon seed: iSFtogA30ynb9Ej9 Game ID: n_1466826247 Your Inventory: Coins $ - 101 gold pieces Weapons p - a +0 bow t - 11 +0 arrows (in quiver) I - a cursed poisoned -1 dart Comestibles b - 3 uncursed food rations s - 2 uncursed eggs B - an uncursed tin of spinach Wands g - a wand of wishing (0:3) j - a wand of speed monster (0:2) u - a wand of striking (0:0) w - a wand of speed monster (0:7) Tools f - an uncursed sack x - an uncursed lock pick E - an expensive camera (0:73) J - an uncursed mirror Gems q - an uncursed touchstone v - an uncursed worthless piece of yellowish brown glass C - an uncursed worthless piece of black glass N - an uncursed worthless piece of blue glass Spells and supernatural/magical abilities: Name Level Category Fail Memory W - pray for help -- divine ? -- Your skills at the end: Fighting Skills Weapon Skills pick-axe [Basic] whip [Basic] Spellcasting Skills Final Attributes: You were piously aligned. You were stealthy. You were a wererat. You were fast. You are dead (216th time!). Vanquished creatures: a small mimic a tiger a tengu a carnivorous ape a quivering blob a giant spider 4 gnome kings 4 brown puddings a lizard a dwarf lord 3 fire ants 3 Uruk-hai 11 gnome lords 3 gnomish wizards a kitten 11 dwarves a homunculus a kobold shaman a rabid rat a giant bat 2 monkeys 2 dwarf zombies an iguana 4 hobbits 5 manes 4 giant rats a cave spider 31 gnomes 3 jackals a kobold a goblin 5 sewer rats a grid bug 2 lichens 2 newts 117 creatures vanquished. Voluntary challenges: You went without food. You used a wielded weapon 645 times, starting on turn 24. You read items or engraved 7 times, starting on turn 499. You never genocided any monsters. You never polymorphed an object. You changed form 6 times, starting on turn 3338. You used no wishes. You split 3 puddings, starting on turn 1622. You wrote Elbereth's name 2 times, starting on turn 3563. You never violated your personal moral code. Dungeon overview: The Dungeons of Doom: levels 1 to 2 Level 1 a fountain a long staircase Level 2 a jewelry store stairs to The Gnomish Mines The Gnomish Mines: levels 3 to 11 Level 3 stairs to The Dungeons of Doom Level 4 Level 5 a general store, a temple to Quetzalcoatl, a fountain Level 6 Level 7 Level 8 Level 9 <- You were here Level 10 Level 11 History has recorded: On T:1 you entered the Dungeons of Doom to retrieve the Amulet of Yendor! On T:193 you reached level 2 of The Dungeons of Doom. On T:292 you reached level 1 of The Gnomish Mines. On T:325 you were saved from death by your wizard powers! On T:325 you advanced to experience level 2. On T:327 you were saved from death by your wizard powers! On T:329 you were saved from death by your wizard powers! On T:331 you were saved from death by your wizard powers! On T:333 you advanced to experience level 3. On T:382 you were saved from death by your wizard powers! On T:453 you were saved from death by your wizard powers! On T:465 you advanced to experience level 4. On T:509 you were saved from death by your wizard powers! On T:534 you were saved from death by your wizard powers! On T:590 you were saved from death by your wizard powers! On T:594 you advanced to experience level 5. On T:774 you were saved from death by your wizard powers! On T:800 you were saved from death by your wizard powers! On T:945 you reached level 2 of The Gnomish Mines. On T:1012 you were saved from death by your wizard powers! On T:1030 you were saved from death by your wizard powers! On T:1042 you were saved from death by your wizard powers! On T:1045 you reached level 3 of The Gnomish Mines. On T:1129 you were saved from death by your wizard powers! On T:1184 you reached level 4 of The Gnomish Mines. On T:1228 you advanced to experience level 6. On T:1309 you reached level 6 of The Gnomish Mines. On T:1340 you were saved from death by your wizard powers! On T:1349 you were saved from death by your wizard powers! On T:1355 you were saved from death by your wizard powers! On T:1359 you were saved from death by your wizard powers! On T:1364 you were saved from death by your wizard powers! On T:1384 you reached level 7 of The Gnomish Mines. On T:1459 you reached level 8 of The Gnomish Mines. On T:1475 you reached level 9 of The Gnomish Mines. On T:1492 you were saved from death by your wizard powers! On T:1497 you were saved from death by your wizard powers! On T:1507 you were saved from death by your wizard powers! On T:1525 you were saved from death by your wizard powers! On T:1535 you were saved from death by your wizard powers! On T:1542 you were saved from death by your wizard powers! On T:1546 you were saved from death by your wizard powers! On T:1550 you were saved from death by your wizard powers! On T:1554 you were saved from death by your wizard powers! On T:1557 you were saved from death by your wizard powers! On T:1561 you were saved from death by your wizard powers! On T:1563 you were saved from death by your wizard powers! On T:1565 you were saved from death by your wizard powers! On T:1568 you were saved from death by your wizard powers! On T:1571 you were saved from death by your wizard powers! On T:1574 you were saved from death by your wizard powers! On T:1577 you were saved from death by your wizard powers! On T:1579 you were saved from death by your wizard powers! On T:1594 you were saved from death by your wizard powers! On T:1603 you were saved from death by your wizard powers! On T:1624 you were saved from death by your wizard powers! On T:1627 you were saved from death by your wizard powers! On T:1631 you were saved from death by your wizard powers! On T:1634 you were saved from death by your wizard powers! On T:1637 you were saved from death by your wizard powers! On T:1639 you were saved from death by your wizard powers! On T:1642 you were saved from death by your wizard powers! On T:1645 you were saved from death by your wizard powers! On T:1648 you were saved from death by your wizard powers! On T:1651 you were saved from death by your wizard powers! On T:1654 you were saved from death by your wizard powers! On T:1657 you were saved from death by your wizard powers! On T:1659 you were saved from death by your wizard powers! On T:1661 you were saved from death by your wizard powers! On T:1664 you were saved from death by your wizard powers! On T:1666 you advanced to experience level 7. On T:1678 you were saved from death by your wizard powers! On T:1681 you were saved from death by your wizard powers! On T:1686 you were saved from death by your wizard powers! On T:1689 you were saved from death by your wizard powers! On T:1693 you were saved from death by your wizard powers! On T:1696 you were saved from death by your wizard powers! On T:1700 you were saved from death by your wizard powers! On T:1704 you were saved from death by your wizard powers! On T:1708 you were saved from death by your wizard powers! On T:1711 you were saved from death by your wizard powers! On T:1715 you were saved from death by your wizard powers! On T:1719 you were saved from death by your wizard powers! On T:1906 you were saved from death by your wizard powers! On T:1991 you were saved from death by your wizard powers! On T:2054 you were saved from death by your wizard powers! On T:2199 you were saved from death by your wizard powers! On T:2236 you were saved from death by your wizard powers! On T:2243 you were saved from death by your wizard powers! On T:2248 you were saved from death by your wizard powers! On T:2257 you were saved from death by your wizard powers! On T:2263 you were saved from death by your wizard powers! On T:2272 you were saved from death by your wizard powers! On T:2376 you were saved from death by your wizard powers! On T:2383 you were saved from death by your wizard powers! On T:2394 you were saved from death by your wizard powers! On T:2411 you were saved from death by your wizard powers! On T:2419 you were saved from death by your wizard powers! On T:2428 you were saved from death by your wizard powers! On T:2449 you were saved from death by your wizard powers! On T:2462 you were saved from death by your wizard powers! On T:2469 you were saved from death by your wizard powers! On T:2476 you were saved from death by your wizard powers! On T:2483 you were saved from death by your wizard powers! On T:2491 you were saved from death by your wizard powers! On T:2497 you were saved from death by your wizard powers! On T:2503 you were saved from death by your wizard powers! On T:2535 you were saved from death by your wizard powers! On T:2538 you were saved from death by your wizard powers! On T:2541 you were saved from death by your wizard powers! On T:2544 you were saved from death by your wizard powers! On T:2547 you were saved from death by your wizard powers! On T:2550 you were saved from death by your wizard powers! On T:2551 you were saved from death by your wizard powers! On T:2554 you were saved from death by your wizard powers! On T:2555 you were saved from death by your wizard powers! On T:2556 you were saved from death by your wizard powers! On T:2558 you were saved from death by your wizard powers! On T:2560 you were saved from death by your wizard powers! On T:2562 you were saved from death by your wizard powers! On T:2563 you were saved from death by your wizard powers! On T:2566 you were saved from death by your wizard powers! On T:2567 you were saved from death by your wizard powers! On T:2573 you were saved from death by your wizard powers! On T:2588 you were saved from death by your wizard powers! On T:2592 you were saved from death by your wizard powers! On T:2598 you were saved from death by your wizard powers! On T:2603 you were saved from death by your wizard powers! On T:2608 you were saved from death by your wizard powers! On T:2613 you were saved from death by your wizard powers! On T:2617 you were saved from death by your wizard powers! On T:2628 you were saved from death by your wizard powers! On T:2633 you were saved from death by your wizard powers! On T:2635 you were saved from death by your wizard powers! On T:2638 you were saved from death by your wizard powers! On T:2641 you were saved from death by your wizard powers! On T:2643 you were saved from death by your wizard powers! On T:2647 you were saved from death by your wizard powers! On T:2652 you were saved from death by your wizard powers! On T:2657 you were saved from death by your wizard powers! On T:2660 you were saved from death by your wizard powers! On T:2662 you were saved from death by your wizard powers! On T:2664 you were saved from death by your wizard powers! On T:2667 you were saved from death by your wizard powers! On T:2674 you were saved from death by your wizard powers! On T:2681 you were saved from death by your wizard powers! On T:2685 you were saved from death by your wizard powers! On T:2691 you were saved from death by your wizard powers! On T:2696 you were saved from death by your wizard powers! On T:2705 you were saved from death by your wizard powers! On T:2715 you were saved from death by your wizard powers! On T:2719 you were saved from death by your wizard powers! On T:2722 you were saved from death by your wizard powers! On T:2733 you were saved from death by your wizard powers! On T:2740 you were saved from death by your wizard powers! On T:2744 you were saved from death by your wizard powers! On T:2747 you were saved from death by your wizard powers! On T:2752 you were saved from death by your wizard powers! On T:2766 you were saved from death by your wizard powers! On T:2772 you were saved from death by your wizard powers! On T:2775 you advanced to experience level 8. On T:2795 you were saved from death by your wizard powers! On T:2806 you were saved from death by your wizard powers! On T:2809 you were saved from death by your wizard powers! On T:2857 you were saved from death by your wizard powers! On T:2860 you were saved from death by your wizard powers! On T:2864 you were saved from death by your wizard powers! On T:2876 you were saved from death by your wizard powers! On T:2932 you were saved from death by your wizard powers! On T:2935 you were saved from death by your wizard powers! On T:2938 you were saved from death by your wizard powers! On T:2951 you were saved from death by your wizard powers! On T:2956 you were saved from death by your wizard powers! On T:2962 you were saved from death by your wizard powers! On T:2970 you were saved from death by your wizard powers! On T:2976 you were saved from death by your wizard powers! On T:2980 you were saved from death by your wizard powers! On T:2984 you were saved from death by your wizard powers! On T:2999 you were saved from death by your wizard powers! On T:3049 you were saved from death by your wizard powers! On T:3058 you were saved from death by your wizard powers! On T:3065 you were saved from death by your wizard powers! On T:3069 you were saved from death by your wizard powers! On T:3072 you were saved from death by your wizard powers! On T:3076 you were saved from death by your wizard powers! On T:3080 you were saved from death by your wizard powers! On T:3084 you were saved from death by your wizard powers! On T:3137 you were saved from death by your wizard powers! On T:3141 you were saved from death by your wizard powers! On T:3145 you were saved from death by your wizard powers! On T:3148 you were saved from death by your wizard powers! On T:3153 you were saved from death by your wizard powers! On T:3192 you were saved from death by your wizard powers! On T:3286 you were saved from death by your wizard powers! On T:3325 you were saved from death by your wizard powers! On T:3331 you were saved from death by your wizard powers! On T:3339 you were saved from death by your wizard powers! On T:3346 you were saved from death by your wizard powers! On T:3351 you were saved from death by your wizard powers! On T:3357 you were saved from death by your wizard powers! On T:3364 you were saved from death by your wizard powers! On T:3385 you were saved from death by your wizard powers! On T:3395 you were saved from death by your wizard powers! On T:3491 you were saved from death by your wizard powers! On T:3496 you were saved from death by your wizard powers! On T:3502 you were saved from death by your wizard powers! On T:3507 you were saved from death by your wizard powers! On T:3513 you were saved from death by your wizard powers! On T:3520 you were saved from death by your wizard powers! On T:3527 you were saved from death by your wizard powers! On T:3541 you were saved from death by your wizard powers! On T:3547 you were saved from death by your wizard powers! On T:3554 you were saved from death by your wizard powers! On T:3563 you were saved from death by your wizard powers! On T:3573 you were saved from death by your wizard powers! On T:3581 you were saved from death by your wizard powers! On T:3592 you were saved from death by your wizard powers! On T:3599 you were saved from death by your wizard powers! On T:3608 you were saved from death by your wizard powers! On T:3616 you were saved from death by your wizard powers! On T:3626 you were saved from death by your wizard powers! On T:3635 you were saved from death by your wizard powers! On T:3643 you were saved from death by your wizard powers! On T:3651 you were saved from death by your wizard powers! On T:3658 you were saved from death by your wizard powers! On T:3665 you were saved from death by your wizard powers! On T:3675 you were saved from death by your wizard powers! On T:3684 you were saved from death by your wizard powers! On T:3692 you were saved from death by your wizard powers! On T:3699 you were saved from death by your wizard powers! On T:3710 you were saved from death by your wizard powers! On T:3717 you were saved from death by your wizard powers! Score breakdown: Gold: 101 ( 6832 points) Experience: 8 levels (14739 points) Exploration: 11 levels ( 23.91%) (14142 points) Discoveries: 11 items ( 3.70%) ( 5773 points) Valuables value: (no points given unless you survive) Artifact value: 0 ( 0 points) Variety of kills: 35 monsters ( 9.19%) ( 9092 points) Turncount: 3726 turns ( -920 points) Survival: died (score multiplied by 80%) Total score: 39726 Latest messages: The wererat bites! You miss the wererat. The sewer rat bites! (2x) The wererat bites! You miss the wererat. The sewer rat bites! (2x) The wererat bites! You miss the wererat. You hit the wererat. The sewer rat bites! (2x) The wererat bites! You miss the wererat. The sewer rat bites! (2x) The wererat bites! You miss the wererat. The sewer rat bites! (2x) The wererat summons help! The wererat bites! You die... The sack is empty. The sack is empty. Final status: Goodbye n the Archeologist, killed by a wererat... You died in The Gnomish Mines on dungeon level 9 with 39726 points, and 101 pieces of gold, after 3726 moves. You were level 8 with a maximum of 52 hit points when you died.